 Dungeon Crawl Stone Soup version 0.29-a0-375-g5102b3be25 (webtiles) character file.

Game seed: 9082398244877151561

73 purpskrrrp the Ducker (level 4, -2/22 HPs)
             Began as a Felid Berserker on May 4, 2022.
             Was an Initiate of Fedhas.
             Slain by a black bear (12 damage)
             ... created by the rage of Trog
             ... on level 3 of the Dungeon.
             The game lasted 00:16:48 (2654 turns).

purpskrrrp the Ducker (Felid Berserker)             Turns: 2654, Time: 00:16:49

Health: -2/22      AC:  1    Str: 13    XL:     4   Next: 8%
Magic:  5/5        EV: 19    Int:  8    God:    Fedhas [......]
Gold:   125        SH:  0    Dex: 17    Spells: 3/3 levels left
                                        Lives:  0   Deaths: 1

rFire   . . .      SeeInvis +     - Unarmed
rCold   . . .      Faith    .   (shield unavailable)
rNeg    . . .      Spirit   .   (body armour unavailable)
rPois   .          Reflect  .   (helmet unavailable)
rElec   .          Harm     .   (cloak unavailable)
rCorr   .          Rampage  .   (gloves unavailable)
Will    .....                   (boots unavailable)
Stlth   ++........              (no amulet)
HPRegen 0.07/turn               (no ring)
MPRegen 0.09/turn               (no ring)

@: quick
A: very small, claws 1, fangs 3, see invisible, speed 1, shaggy fur 1, stealthy
paws, no weapons or thrown items, no armour, multi-lived
a: Renounce Religion


You were on level 3 of the Dungeon.
You worshipped Fedhas.
Fedhas was noncommittal.
You visited 1 branch of the dungeon, and saw 3 of its levels.

You collected 125 gold pieces.

Inventory:

Scrolls
 a - 4 scrolls of identify {unknown}
 d - a scroll of teleportation {unknown}
 e - a scroll of fog {unknown}
Potions
 b - 2 potions of curing {unknown}
 c - a potion of attraction {unknown}
 f - a potion of degeneration {unknown}
 g - a potion of brilliance {unknown}
 h - a potion of might {unknown}


   Skills:
 + Level 3.7 Fighting
 + Level 5.0 Dodging
 + Level 1.0 Stealth
 + Level 4.6 Unarmed Combat


You had 3 spell levels left.
You didn't know any spells.
Your spell library contained the following spells:

 Spells                   Type           Power      Damage    Failure   Level
 Animate Skeleton         Necr           0%         N/A       41%         1
 Pain                     Necr           0%         1d4       41%         1
 Corpse Rot               Necr/Air       0%         N/A       54%         2
 Poisonous Vapours        Pois/Air       0%         N/A       54%         2
 Vampiric Draining        Necr           0%         2d6       78%         3
 Animate Dead             Necr           0%         N/A       99%         4
 Borgnjor's Vile Clutch   Necr/Erth      0%         N/A       100%        5


Dungeon Overview and Level Annotations

Branches:
Dungeon (3/15)

Altars:
Fedhas
Hepliaklqana

Shops:
D:2 [


Innate Abilities, Weirdness & Mutations

You have sharp claws.
You have razor-sharp teeth.
You have supernaturally acute eyesight. (SInv)
You cover ground quickly. (Speed+)
You are covered in fur. (AC +1)
Your paws help you pounce on unaware monsters.
You are incapable of wielding weapons or throwing items.
You cannot wear armour.
You gain extra lives every three experience levels.


Message History

Fedhas appreciates your contribution to the ecosystem.
You hear an angry growl.
You scratch the adder. You bite the adder.
The adder is heavily wounded.
You hear an angry growl. x2
The adder bites you but does no damage.
You closely miss the adder.
The adder is heavily wounded.
The adder misses you.
You claw the adder!
You kill the adder!
Fedhas appreciates your contribution to the ecosystem.
Your Stealth skill increases to level 1!
Welcome back to level 4!
You hear an angry growl.
You scratch the goblin.
The goblin is heavily wounded.
You hear an angry growl. x3
The goblin hits you with a +0 club.
An orc comes into view. It is wielding a +0 dagger.
You claw the goblin!
You kill the goblin!
Fedhas appreciates your contribution to the ecosystem.
Trog sends monsters to punish you.
A black bear and 3 polar bears come into view.
The black bear attacks as you move away!
The black bear misses you. x2; The black bear claws you.
A goblin comes into view. It is wielding a +0 dagger.
You hear an angry growl. x2; The goblin shouts!
The black bear attacks as you move away!
The black bear bites you but does no damage.
The black bear claws you. The black bear completely misses you.
You hear an angry growl. x2
The polar bear rages.
You hear an angry growl.
The black bear attacks as you move away!
The black bear bites you!
Ouch! That really hurt!
You die...
Fedhas appreciates your contribution to the ecosystem.

. #.## ....#######
## #......^..##.#
#....PP.§.P..#
#....§P§.....##
#...gP§§...P..##
#....§P§@h.#...#
g.P..§o_)#h.##.#
...P.§§§h)...#
#...P.....hP†......
...P...............
.........#.........
.
#......###........
8 #....## ##.......
. .## .......


You could see 3 polar bears, a black bear (berserk), an orc and a goblin.

Vanquished Creatures
  Jessica (D:2)
  Terence (D:2)
  3 adders
  2 worms (D:2)
  2 dart slugs
  2 endoplasms (D:2)
  2 giant cockroaches
  7 goblins
  9 hobgoblins
  2 kobolds
  5 quokkas
  2 ball pythons
  3 bats (D:2)
  2 frilled lizards (D:1)
  A rat (D:2)
44 creatures vanquished.

Vanquished Creatures (others)
  5 plants (D:3)
  4 toadstools (D:1)
9 creatures vanquished.

Grand Total: 53 creatures vanquished

Notes
Turn   | Place    | Note
-------+----------+-------------------------------------------
     0 | D:1      | purpskrrrp the Felid Berserker began the quest for the Orb.
     0 | D:1      | Reached XP level 1. HP: 10/10 MP: 2/2
    47 | D:1      | Found a faded altar of an unknown god.
   655 | D:1      | Reached XP level 2. HP: 11/14 MP: 3/3
  1243 | D:2      | Noticed Jessica
  1251 | D:2      | Killed Jessica
  1252 | D:2      | Reached XP level 3. HP: 17/17 MP: 4/4
  1536 | D:2      | Noticed Terence
  1957 | D:2      | Killed Terence
  1958 | D:2      | Reached XP level 4. HP: 11/21 MP: 5/5
  2240 | D:2      | Reached ** piety under Trog
  2267 | D:2      | Found Nietraev's Armour Shop.
  2388 | D:2      | Found a blossoming altar of Fedhas.
  2405 | D:2      | Reached skill level 5 in Dodging
  2407 | D:2      | Fell from the grace of Trog
  2407 | D:2      | Became a worshipper of Fedhas Madash
  2507 | D:2      | Got the Papyrus of Dark Rituals and Toxins
  2630 | D:3      | Noticed a polar bear
  2630 | D:3      | Noticed a black bear
  2630 | D:3      | Noticed a polar bear
  2630 | D:3      | Noticed a polar bear
  2630 | D:3      | Noticed a black bear
  2635 | D:3      | Mangled by a polar bear
  2636 | D:3      | Reached XP level 3. HP: -9/18 MP: 4/4
  2636 | D:3      | Found a hazy altar of Hepliaklqana.
  2648 | D:3      | Reached skill level 1 in Stealth
  2648 | D:3      | Reached XP level 4. HP: 17/22 MP: 5/5
  2651 | D:3      | Noticed a polar bear
  2651 | D:3      | Noticed a black bear
  2651 | D:3      | Noticed a polar bear
  2651 | D:3      | Noticed a polar bear
  2654 | D:3      | Slain by a black bear

Illustrated notes

Levels and vault maps discovered:
D:1:      evilmike_arrival_crescent, layout_loops_ring, serial_glass,
          glass_columns_b, glass_columns_a, glass_columns_a, glass_columns_c,
          glass_columns_a, glass_columns_a, glass_columns_a, glass_columns_c,
          chequers_ecumenical_altar_island, minmay_gold_behind_fungi,
          feat_on_display
D:2:      layout_basic, serial_shops, shop, basic_altar, uniq_terence,
          uniq_jessica
D:3:      cheibrodos_greedy_goblins, layout_rooms, kiku_gazebo_pond_becter,
          nicolae_hepliaklqana_hazy_memory, serial_shops, nicolae_diamond_shop

Skill      XL: |  1  2  3  4 |
---------------+-------------+-----
Unarmed Combat | 4 |  4.6
Dodging        | 5 |  5.0
Stealth        | 1 |  1.0
Fighting       | |  3.7

Action                   |  1- 3 |  4- 6 || total
-------------------------+-------+-------++-------
Melee: Unarmed           |   100 |    47 ||   147
       Bite              |    10 |       ||    10
       Punch             |     2 |     3 ||     5
  Use: Potion            |     2 |       ||     2
 Stab: Sleeping          |     1 |     1 ||     2
Armor: Skin              |     4 |     4 ||     8
Dodge: Dodged            |    52 |    38 ||    90

Table legend: (Time is in decaauts)
 A = Elapsed time spent in this place.
 B = Non-inter-level travel time spent in this place.
 C = Inter-level travel time spent in this place.
 D = Time resting spent in this place.
 E = Time spent auto-exploring this place.
 F = Levels seen in this place.
 G = Mean time per level.
                   A        B        C        D        E       F      G
               +--------+--------+--------+--------+--------+-----+--------+
         Total |   2373 |   2165 |    208 |    654 |   1105 |   3 |  791.0 |
       Dungeon |   2373 |   2165 |    208 |    654 |   1105 |   3 |  791.0 |
               +--------+--------+--------+--------+--------+-----+--------+

Top non-repeatable levels by time:
     D:2: 1222 daAuts
     D:1: 1029 daAuts
     D:3: 122 daAuts
